 Dungeon Crawl Stone Soup version 0.31.0-11-ge490571c62 (webtiles) character file.

Game seed: 15439822088516479141

1797596 gosagan the Slayer (level 27, 196/196 HPs)
             Began as a Gargoyle Fighter on Jan 31, 2024.
             Was the Champion of Wu Jian.
             Escaped with the Orb
             ... and 3 runes!
             The game lasted 04:49:25 (58550 turns).

gosagan the Slayer (Gargoyle Fighter)              Turns: 58550, Time: 04:49:25

Health: 196/196    AC: 59    Str: 40    XL:     27
Magic:  23/23      EV:  9    Int: 11    God:    Wu Jian [******]
Gold:   2918       SH: 23    Dex:  7    Spells: 26/26 levels left

rFire   + . .        s - +6 eveningstar (elec)
rCold   + + .        G - +3 tower shield {reflect}
rNeg    + + .        Z - +1 gold dragon scales
rPois   ∞            m - +2 helmet
rElec   +            o - +2 cloak
rCorr   .            R - +2 pair of gloves of the Big Bang {rC+ rN+}
SInv    +            K - +2 pair of boots
Will    +....        L - amulet of regeneration Stlth
                     H - ring "Maroffal" {rElec AC+4 Str+8 Stlth-}
HPRegen 1.32/turn    T - ring "Puike" {Slay+4 SInv}
MPRegen 0.18/turn

%: reflection
@: exhausted, weak-willed, flying, studying Stealth
A: sickness immunity, AC +20, big wings, negative energy resistance 1,
electricity resistance, torment resistance 1, petrification resistance, clumsy
1, deformed body, deterioration 2, no potion heal 1, inability to read after
injury 1
0: Orb of Zot
}: 3/15 runes: serpentine, barnacled, silver
a: Renounce Religion, Wall Jump, Serpent's Lash, Heavenly Storm


You escaped.
You worshipped Wu Jian.
Wu Jian was exalted by your worship.
You visited 10 branches of the dungeon, and saw 47 of its levels.
You visited the Abyss 2 times.
You also visited: Sewer, Ice Cave and Desolation.

You collected 10186 gold pieces.
You spent 7268 gold pieces at shops.

Inventory:

Hand Weapons
 s - a +6 eveningstar of electrocution (weapon)
 z - a +5 morningstar of protection
 S - a +0 morningstar
Missiles
 v - 6 javelins
 B - a throwing net
 M - 4 boomerangs (quivered)
Armour
 f - the +6 chain mail of Too Many Cooks {rN+ rCorr Str+6 Stlth+}
   (You bought it in a shop on level 2 of the Orcish Mines)

   Str+6:     It affects your strength (+6).
   rN+:       It protects you from negative energy.
   rCorr:     It protects you from acid and corrosion.
   Stlth+:    It makes you more stealthy.
 m - a +2 helmet (worn)
 o - a +2 cloak (worn)
 G - a +3 tower shield of reflection (worn)
 K - a +2 pair of boots (worn)
 R - the +2 pair of gloves of the Big Bang (worn) {rC+ rN+}
   (You acquired it on level 4 of the Lair of Beasts)

   rC+:       It protects you from cold.
   rN+:       It protects you from negative energy.
 Z - +1 gold dragon scales (worn)
Jewellery
 a - a +4 ring of protection
 C - a +4 ring of slaying
 H - the ring "Maroffal" (left hand) {rElec AC+4 Str+8 Stlth-}
   (You bought it in a shop on level 2 of the Snake Pit)

   [ring of protection]

   AC+4:      It affects your AC (+4).
   Str+8:     It affects your strength (+8).
   rElec:     It insulates you from electricity.
   Stlth-:    It makes you less stealthy.
 L - an amulet of regeneration (around neck)
 N - the amulet "Cocuiv" {Acrobat Rampage rN+++ Slay+6 Stlth-}
   (You found it on level 5 of the Vaults)

   [amulet of the acrobat]

   Acrobat:   It increases your evasion while moving and waiting.
   Slay+6:    It affects your accuracy & damage with ranged weapons and melee
   (+6).
   rN+++:     It renders you almost immune to negative energy.
   Rampage:   It bestows one free step when moving towards enemies.
   Stlth-:    It makes you less stealthy.
 T - the ring "Puike" (right hand) {Slay+4 SInv}
   (You bought it in a shop on level 2 of the Snake Pit)

   [ring of slaying]

   Slay+4:    It affects your accuracy & damage with ranged weapons and melee
   (+4).
   SInv:      It lets you see invisible.
 Y - a ring of protection from fire
Wands
 c - a wand of acid (1)
 e - a wand of paralysis (40)
 p - a wand of roots (26)
 U - a wand of digging (18)
Scrolls
 i - a scroll of teleportation
 l - 4 scrolls of silence
 n - 5 scrolls of fog
 w - a scroll of brand weapon
 A - 2 scrolls of butterflies
 V - a scroll of revelation
 W - a scroll of poison
 X - 5 scrolls of fear
Potions
 g - 8 potions of enlightenment
 h - 9 potions of mutation
 j - 6 potions of ambrosia
 k - 7 potions of degeneration
 q - 6 potions of brilliance
 r - 3 potions of heal wounds
 t - a potion of might
 x - 6 potions of lignification
 y - 2 potions of berserk rage
 D - 10 potions of curing
 E - 4 potions of cancellation
 F - a potion of invisibility
 I - 7 potions of magic
 P - a potion of resistance
 Q - 7 potions of attraction
Miscellaneous
 b - a lightning rod (3/4)
 d - a phantom mirror
 u - a phial of floods
 J - a sack of spiders


   Skills:
 - Level 26.0 Fighting
 - Level 19.0 Maces & Flails
 - Level 16.0 Throwing
 - Level 21.0 Armour
 - Level 8.0 Dodging
 - Level 21.0 Shields
 + Level 12.1 Evocations


You had 26 spell levels left.
You didn't know any spells.
Your spell library contained the following spells:

 Spells                   Type           Power      Damage    Failure   Level
 Apportation              Tloc           0%         N/A       95%         1
 Freeze                   Ice            0%         1d3       95%         1
 Kiss of Death            Conj/Necr      0%         2d5       95%         1
 Magic Dart               Conj           0%         1d3       95%         1
 Necrotise                Necr           0%         1d4       95%         1
 Slow                     Hex            0%         N/A       95%         1
 Sting                    Conj/Alch      0%         1d3       95%         1
 Summon Small Mammal      Summ           0%         N/A       95%         1
 Blink                    Tloc           0%         N/A       98%         2
 Call Imp                 Summ           0%         N/A       98%         2
 Ensorcelled Hibernation  Hex/Ice        0%         N/A       98%         2
 Jinxbite                 Hex            0%         N/A       98%         2
 Lesser Beckoning         Tloc           0%         N/A       98%         2
 Mercury Vapours          Alch/Air       0%         N/A       98%         2
 Scorch                   Fire           0%         2d5       98%         2
 Static Discharge         Conj/Air       0%         3-3/arc   98%         2
 Call Canine Familiar     Summ           0%         N/A       100%        3
 Confusing Touch          Hex            0%         N/A       100%        3
 Dazzling Flash           Conj/Hex       0%         N/A       100%        3
 Frozen Ramparts          Ice            0%         1d1       100%        3
 Fugue of the Fallen      Necr           0%         N/A       100%        3
 Hailstorm                Conj/Ice       0%         3d5       100%        3
 Mephitic Cloud           Conj/Alch/Air  0%         N/A       100%        3
 Ozocubu's Armour         Ice            0%         N/A       100%        3
 Passwall                 Erth           0%         N/A       100%        3
 Sigil of Binding         Hex            0%         N/A       100%        3
 Stone Arrow              Conj/Erth      0%         3d7       100%        3
 Summon Ice Beast         Ice/Summ       0%         N/A       100%        3
 Swiftness                Air            0%         N/A       100%        3
 Tukima's Dance           Hex            0%         N/A       100%        3
 Vampiric Draining        Necr           0%         2d6       100%        3
 Airstrike                Air            0%         2d(0-16)  100%        4
 Animate Armour           Summ/Erth      0%         N/A       100%        4
 Animate Dead             Necr           0%         N/A       100%        4
 Brom's Barrelling Bould  Conj/Erth      0%         2d3       100%        4
 Dimensional Bullseye     Hex/Tloc       0%         N/A       100%        4
 Dispel Undead            Necr           0%         3d6       100%        4
 Flame Wave               Conj/Fire      0%         2d4       100%        4
 Ignite Poison            Fire/Alch      0%         N/A       100%        4
 Iskenderun's Mystic Bla  Conj/Tloc      0%         2d3       100%        4
 Manifold Assault         Tloc           0%         N/A       100%        4
 Passage of Golubria      Tloc           0%         N/A       100%        4
 Sticky Flame             Fire/Alch      0%         2d4       100%        4
 Summon Blazeheart Golem  Fire/Summ      0%         N/A       100%        4
 Summon Lightning Spire   Summ/Air       0%         N/A       100%        4
 Alistair's Intoxication  Alch           0%         N/A       100%        5
 Arcjolt                  Conj/Air       0%         1d10      100%        5
 Curse of Agony           Necr           0%         N/A       100%        5
 Fireball                 Conj/Fire      0%         3d3       100%        5
 Freezing Cloud           Conj/Ice/Air   0%         6-21      100%        5
 Iskenderun's Battlesphe  Conj           0%         2d6       100%        5
 Metabolic Englaciation   Hex/Ice        0%         N/A       100%        5
 Silence                  Hex/Air        0%         N/A       100%        5
 Yara's Violent Unravell  Hex/Alch       0%         3d3       100%        5
 Conjure Ball Lightning   Conj/Air       0%         3x3d6     100%        6
 Sculpt Simulacrum        Ice/Alch       0%         N/A       100%        6
 Starburst                Conj/Fire      0%         6d3       100%        6
 Summon Cactus Giant      Summ           0%         N/A       100%        6
 Haunt                    Necr/Summ      0%         N/A       100%        7
 Malign Gateway           Summ/Tloc      0%         N/A       100%        7
 Orb of Destruction       Conj           0%         9d5       100%        7
 Ozocubu's Refrigeration  Ice            0%         4d7       100%        7
 Summon Hydra             Summ           0%         N/A       100%        7
 Ignition                 Fire           0%         3d3       100%        8
 Infestation              Necr           0%         N/A       100%        8
 Lehudib's Crystal Spear  Conj/Erth      0%         10d2      100%        8
 Chain Lightning          Conj/Air       0%         N/A       100%        9
 Fire Storm               Conj/Fire      0%         5d1       100%        9
 Polar Vortex             Ice            0%         N/A       100%        9
 Shatter                  Erth           0%         3d5*      100%        9
 Cigotuvi's Dreadful Rot  Necr/Alch/Air  Unusable   N/A       N/A         2
 Sublimation of Blood     Necr           Unusable   N/A       N/A         2

Dungeon Overview and Level Annotations

Branches:
Dungeon (15/15)            Temple (1/1) D:4            Lair (5/5) D:11
 Shoals (4/4) Lair:2        Snake (4/4) Lair:2        Slime (0/5) Lair:5
    Orc (2/2) D:9             Elf (2/3) Orc:2        Vaults (5/5) D:13
  Crypt (0/3) Vaults:2     Depths (4/4) D:15            Zot (5/5) Depths:4
  Sewer (visited)           IceCv (visited)         Desolation (visited)

Altars:
Ashenzari
Cheibriados
Dithmenos
Elyvilon
Fedhas
Gozag
Hepliaklqana
Kikubaaqudgha
Makhleb
Nemelex Xobeh
Okawaru
Qazlal
Ru
Sif Muna
Trog
Uskayaw
Vehumet
Wu Jian
Xom
Yredelemnul
Zin
The Shining One
Jiyva

Shops:
D:5 ?   D:6 *?   Orc:2 =*[(   Elf:1 ?   Shoals:2 **   Shoals:3 :   Snake:2 =
Snake:3 :=*   Vaults:3 [   Vaults:5 !   Depths:1 *

Portals:
Hell: Depths:1 Depths:2 Depths:3 Depths:4
Abyss: Depths:1 Depths:3
Pandemonium: Depths:2
Ziggurat: Depths:4

Annotations:
D:3 1 runed translucent door, Crazy Yiuf
Depths:4 exclusion: ancient lich


Innate Abilities, Weirdness & Mutations

You are immune to sickness and miasma.
Your stone body is resilient. (AC +20)
You are immune to poison.
Your large and strong wings let you fly.
You resist negative energy. (rN+)
You are resistant to electric shocks. (rElec)
You are resistant to unholy torment.
You are immune to petrification.
You are clumsy. (Dex -2)
Armour fits poorly on your strangely shaped body.
Your body often deteriorates upon taking damage.
Potions are less effective at restoring your health.
You occasionally lose the ability to read scrolls when taking damage.


Message History

The cacodemon shouts!
The cacodemon gestures at you.
Strange energies course through your body.
You feel clumsy. The cacodemon gestures at you.
Strange energies course through your body.
Your system partially rejects the healing effects of potions.
Oxeim comes into view.
The cacodemon gestures at you.
The bolt of devastation hits you but does no damage.
Your willpower is stripped away!
An Executioner comes into view.
Some rock shatters into small pieces.
Oxeim blinks!
The Executioner gestures.
The Executioner seems to speed up.
There is an open door here.
Your muscles tense, ready for explosive movement...
You spin and attack Oxeim, with incredible momentum.
You bludgeon Oxeim!!
Oxeim is lightly wounded.
You spin and attack Oxeim, with incredible momentum.
You puncture Oxeim!
Oxeim is moderately wounded.
Your supernatural speed expires.
Oxeim blinks!
You spin and attack the Executioner.
You bludgeon the Executioner!!
The Executioner is heavily wounded.
You block the Executioner's attack. x3; The Executioner misses you.
You block the Executioner's attack.
The Executioner hits you but does no damage.
Oxeim blinks!
The cacodemon gestures at you.
Strange energies course through your body.
You occasionally lose the ability to read scrolls when taking damage.
The Executioner hits you but does no damage. x3
There is an open door here.
There is a staircase leading out of the dungeon here.
You block Oxeim's attack. x2
You have escaped!

.##.#.....#..#.######.######.#
.##.#######..#####.##.#....#.#
.##.# #........##.#.##.#.####
.##.########..........#.#........
....#..........###.####.#..#.###.
...................# #%#..#.# #.
...............###.# #.#..#.# #.
.#.##.#################.####.# #.
.#.##.#P..#...#P@.#.~.#.####.###.
.#.##.#...#...#.&1#...#..........
##.##.##'###'###'###'##......####
#.##.#.........2.....#.###......
#.##.#......##.......'.# #......
#....#...............#.###..####
########'###'...'###'##........#
....# #...#....~..#...#####.####
...># #...#.......#...# #.#


You could see Oxeim, a cacodemon and an Executioner (fast).

Vanquished Creatures
  2 dread liches
  2 ancient liches (Vaults:5)
  2 orbs of fire
  2 Killer Klowns (Zot:4)
  Bai Suzhen (Shoals:3)
  2 curse toes (Zot:4)
  8 golden dragons
  Norris (Vaults:2)
  2 bone dragons
  A Tzitzimitl (D:15)
  12 tentacled monstrosities
  12 Orb Guardians
  2 quicksilver dragons
  An Executioner (Zot:4)
  A tentacled starspawn (Abyss:3)
  5 titans (Vaults:5)
  6 sphinxes
  5 death cobs
  8 shadow dragons
  3 tengu reavers
  2 nagarajas (Snake:2)
  A draconian shifter (Zot:4)
  6 draconian monks
  3 draconian knights
  Donald (Lair:2)
  4 protean progenitors
  12 storm dragons
  3 fire giants
  9 draconian scorchers
  An imperial myrmidon (Desolation)
  7 frost giants
  20 vault wardens
  2 deep elf sorcerers
  Louise (Snake:1)
  2 ghost moths
  A cacodemon (Depths:2)
  3 orc warlords
  A spriggan defender (Depths:2)
  3 formless jellyfish
  3 draconian annihilators (Zot:4)
  20 ironbound preservers
  A reaper (Zot:3)
  10 stone giants
  3 ironbound thunderhulks
  4 deep elf demonologists
  12 black draconians
  15 very ugly things
  5 green draconians
  A vampire knight (Depths:3)
  A deep elf death mage (Vaults:5)
  5 red draconians
  5 yellow draconians
  A bunyip (Zot:4)
  A deep elf annihilator (Vaults:5)
  10 white draconians
  4 halazid warlocks (Desolation)
  3 spark wasps (Depths:2)
  9 purple draconians
  2 war gargoyles
  2 blizzard demons
  2 dire elephants
  2 minotaurs (Shoals:4)
  A merfolk javelineer (Shoals:4)
  A merfolk impaler (Shoals:4)
  3 crystal guardians
  18 yaktaur captains
  5 fire dragons
  Josephine (D:13)
  A deep elf high priest (Vaults:5)
  14 ettins
  6 great orbs of eyes
  4 rakshasas
  4 entropy weavers
  2 ragged hierophants (Desolation)
  4 servants of whispers (Desolation)
  3 salamander tyrants (Snake:4)
  3 spriggan air magi
  Erolcha (D:9)
  Fannar (D:10)
  31 vault guards
  4 hydras
  3 catoblepae
  3 ice dragons
  2 ogre magi (Vaults:5)
  A hell beast (Depths:2)
  7 peacekeepers
  3 merfolk avatars
  3 two-headed ogres
  4 alligator snapping turtles
  18 anacondas
  6 boulder beetles
  7 ironbound frosthearts
  23 centaur warriors
  11 satyrs
  12 naga warriors
  A death knight (Abyss:3)
  22 dancing weapons
  A death yak (D:11)
  3 orc high priests (Orc:2)
  2 tengu warriors (Depths:3)
  4 deep troll shamans (Depths:2)
  8 thrashing horrors (Abyss:3)
  16 naga sharpshooters
  8 deep troll earth magi
  2 vampire magi
  18 shock serpents
  A demonic crawler (Abyss:3)
  A titan zombie (Abyss:3)
  2 occultists (Depths:2)
  4 hell knights (Depths:1)
  5 spriggan berserkers
  3 sun demons
  15 deep elf knights
  A soul eater (Abyss:3)
  10 skysharks
  2 wretched stars (Abyss:3)
  5 iron trolls
  8 salamander mystics (Snake:4)
  7 sea snakes
  A goliath frog (Shoals:1)
  5 arcanists
  2 flayed ghosts (Abyss:3)
  4 skeletal warriors (D:15)
  A deep troll (shapeshifter) (Vaults:5)
  40 deep trolls
  11 mana vipers
  4 phantasmal warriors
  7 deep elf archers
  7 glowing orange brains
  2 shadow demons
  12 large abominations
  A sea snake (shapeshifter) (D:15)
  22 harpies
  7 necromancers
  4 naga ritualists
  33 ironbound convokers
  25 deep elf pyromancers
  13 deep elf zephyrmancers
  14 lindwurms
  A golden dragon skeleton (Depths:3)
  14 orc knights
  A steelbarb worm (shapeshifter) (Abyss:3)
  A tengu zombie (Depths:3)
  A sphinx simulacrum (Depths:2)
  A shining eye (shapeshifter) (Vaults:5)
  14 fauns
  12 moths of wrath
  A fire giant zombie (Depths:2)
  Maurice (D:7)
  A will-o-the-wisp (Abyss:3)
  A wolf spider (D:15)
  9 cyclopes
  5 orc sorcerers
  A stone giant zombie (Vaults:2)
  18 salamanders
  25 ugly things
  3 merfolk sirens
  A tengu skeleton (Vaults:2)
  47 black mambas
  15 elephants
  A manticore (shapeshifter) (Vaults:5)
  13 guardian serpents
  19 manticores
  2 worldbinders (Abyss:3)
  6 water nymphs
  23 naga magi
  4 smoke demons
  Joseph (Lair:1)
  A water nymph (shapeshifter) (Vaults:5)
  A human skeleton (Vaults:2)
  15 cane toads
  5 torpor snails (Lair:5)
  A molten gargoyle (Desolation)
  20 vault sentinels
  An iron dragon skeleton (Depths:2)
  2 fire giant skeletons (Depths:3)
  3 ice statues (IceCv)
  2 cane toads (shapeshifter)
  An unseen horror (shapeshifter) (D:14)
  31 yaktaurs
  A hellion (D:1)
  An unseen horror (D:12)
  3 freezing wraiths
  An anaconda simulacrum (IceCv)
  3 rime drakes
  6 komodo dragons
  2 tengu conjurers (Depths:2)
  Psyche (D:10)
  3 ancient zymes (Abyss:3)
  A queen bee (D:11)
  Grinder (D:2)
  2 polar bears (shapeshifter)
  3 tyrant leeches (Lair:5)
  4 trolls
  A wind drake (shapeshifter) (Elf:1)
  3 wind drakes
  A polar bear (Lair:4)
  15 blink frogs
  9 hornets
  18 merfolk
  35 saltlings (Desolation)
  5 raiju (Abyss:3)
  A glass eye (Depths:3)
  A dream sheep (shapeshifter) (Elf:1)
  5 dream sheep
  55 slime creatures
  11 snapping turtles
  A slime creature (shapeshifter) (Vaults:5)
  8 water elementals
  3 spriggans (Depths:3)
  Sigmund (D:4)
  6 vampires
  2 ynoxinuls
  7 wraiths
  2 small abominations (Abyss:3)
  A yak (shapeshifter) (Elf:1)
  2 culicivoras
  3 air elementals (Elf:2)
  5 wyverns
  5 fire elementals
  A basilisk (shapeshifter) (Vaults:5)
  4 fire bats (Abyss:3)
  20 yaks
  Eustachio (D:4)
  7 basilisks
  A redback (shapeshifter) (Vaults:5)
  3 wargs
  3 redbacks
  A neqoxec (Abyss:3)
  2 steam dragons (D:8)
  4 chaos spawn (Abyss:3)
  A harpy simulacrum (IceCv)
  6 vampire mosquitoes
  53 nagas
  4 acid dragons
  20 water moccasins
  5 black bears
  2 ice beasts
  2 sky beasts (D:8)
  38 orc warriors
  A laughing skull (Abyss:3)
  3 ogres
  23 centaurs
  A phantom (D:6)
  10 bullfrogs
  Blork the orc (D:6)
  A weeping skull (Abyss:3)
  3 kobold brigands
  A glowing shapeshifter simulacrum (Vaults:2)
  3 cane toad simulacra (IceCv)
  2 scorpions
  12 wights
  21 killer bees
  A howler monkey (D:8)
  3 electric eels
  A bombardier beetle (D:4)
  5 quasits
  2 hounds
  A gnoll bouda (D:8)
  20 orc priests
  11 jellies
  A starcursed mass (Abyss:3)
  Natasha (thrice) (D:3 D:2)
  26 orc wizards
  A sleepcap (D:7)
  An iguana (D:7)
  A polar bear simulacrum (IceCv)
  2 wolf simulacra (IceCv)
  A gnoll (D:4)
  12 adders
  2 river rats (Sewer)
  2 shadow imps
  6 white imps
  8 ufetubi
  A dart slug (D:1)
  3 ribbon worms
  92 orcs
  6 ball pythons
  16 endoplasms
  9 giant cockroaches
  13 goblins
  14 hobgoblins
  5 jackals
  7 quokkas
  5 bats
  4 frilled lizards
  14 kobolds
  9 rats
  3 aspiring fleshes (Zot:4)
  A starspawn tentacle (Abyss:2)
1990 creatures vanquished.

Vanquished Creatures (others)
  An ironbound preserver (Vaults:4)
  A dancing weapon (Elf:1)
  A deep elf knight (Elf:1)
  A naga ritualist (Snake:4)
  A tengu conjurer (Depths:3)
  A merfolk (Shoals:4)
  A saltling (Desolation)
  A water elemental (Elf:1)
  A small abomination (Abyss:3)
  2 nagas
  10 foxfires (Abyss:3)
  10 starspawn tentacles
  10 tentacles
41 creatures vanquished.

Grand Total: 2031 creatures vanquished

Notes
Turn   | Place    | Note
-------+----------+-------------------------------------------
     0 | D:1      | gosagan the Gargoyle Fighter began the quest for the Orb.
     0 | D:1      | Reached XP level 1. HP: 14/14 MP: 1/1
   154 | D:1      | Reached XP level 2. HP: 19/19 MP: 2/2
  1258 | D:2      | Reached XP level 3. HP: 23/23 MP: 3/3
  1584 | D:2      | Reached XP level 4. HP: 28/28 MP: 4/4
  1814 | D:2      | Identified the +0 robe of Plasticity {rC+ Int+2 Dex-2}
  2082 | D:3      | Noticed Natasha
  2119 | D:3      | Killed Natasha
  2125 | D:3      | Noticed Natasha
  2131 | D:3      | Killed Natasha
  2132 | D:3      | Reached skill level 5 in Maces & Flails
  2132 | D:3      | Reached XP level 5. HP: 25/32 MP: 5/5
  2473 | D:3      | Reached XP level 6. HP: 4/37 MP: 6/6
  2669 | D:3      | Found a runed translucent door.
  2670 | D:3      | Noticed Crazy Yiuf
  2829 | D:3      | Noticed Natasha
  2830 | D:3      | Noticed Grinder
  2836 | D:2      | Killed Natasha
  2855 | D:2      | Paralysed by Grinder for 5 turns
  2860 | D:2      | Killed Grinder
  2861 | D:2      | Reached XP level 7. HP: 17/41 MP: 7/7
  3204 | D:4      | Noticed Eustachio
  3229 | D:4      | Killed Eustachio
  3349 | D:4      | Noticed Sigmund
  3354 | D:4      | Killed Sigmund
  3516 | D:4      | Found a staircase to the Ecumenical Temple.
  3529 | Temple   | Entered the Ecumenical Temple
  3652 | Temple   | Became a worshipper of the Wu Jian Council
  3710 | D:4      | Reached XP level 8. HP: 40/46 MP: 8/8
  3790 | D:4      | Identified the +6 buckler of the Other Side {-Cast rC+
                  | SInv}
  4040 | D:5      | Entered Level 5 of the Dungeon
  4082 | D:5      | Found an iron altar of Okawaru.
  4330 | D:5      | Reached skill level 10 in Maces & Flails
  4348 | D:5      | Reached * piety under Wu Jian
  4448 | D:5      | Reached skill level 4 in Fighting
  4771 | D:5      | Found Bimoyt's Magic Scroll Shop.
  4779 | D:5      | Bought a scroll of enchant armour for 90 gold pieces
  4779 | D:5      | Bought 2 scrolls of identify for 48 gold pieces
  4878 | D:6      | Found Uczet's Magic Scroll Shoppe.
  4986 | D:6      | Reached skill level 5 in Fighting
  5051 | D:6      | Found a glowing drain.
  5055 | Sewer    | Entered a sewer
  5187 | Sewer    | Reached ** piety under Wu Jian
  5243 | Sewer    | Found a viscous altar of Jiyva.
  5417 | D:6      | Noticed Blork the orc
  5425 | D:6      | Killed Blork the orc
  5426 | D:6      | Reached XP level 9. HP: 54/54 MP: 9/9
  5512 | D:6      | Found a basalt altar of Yredelemnul.
  5516 | D:6      | Found an opulent altar of Gozag.
  5668 | D:6      | Found Plog's Mayhem Merchandise.
  5886 | D:7      | Noticed Maurice
  5926 | D:7      | Maurice stole a ring of ice
  5928 | D:7      | Maurice stole 194 gold
  5932 | D:7      | Killed Maurice
  6179 | D:7      | Reached *** piety under Wu Jian
  6465 | D:8      | Reached skill level 1 in Evocations
  6839 | D:8      | Reached XP level 10. HP: 48/59 MP: 10/10
  7463 | D:8      | Reached skill level 6 in Fighting
  7470 | D:8      | Noticed a centaur warrior
  7476 | D:8      | Killed a centaur warrior
  7477 | D:8      | Reached skill level 5 in Armour
  7542 | D:8      | Reached skill level 7 in Fighting
  7582 | D:8      | Noticed a two-headed ogre
  7602 | D:8      | Killed a two-headed ogre
  7603 | D:8      | Reached skill level 8 in Fighting
  7609 | D:8      | Reached XP level 11. HP: 43/69 MP: 11/11
  7612 | D:8      | Reached skill level 9 in Fighting
  7618 | D:8      | Reached **** piety under Wu Jian
  8069 | D:9      | Found an ancient bone altar of Kikubaaqudgha.
  8109 | D:9      | Noticed Erolcha
  8114 | D:9      | Killed Erolcha
  8115 | D:9      | Reached skill level 5 in Shields
  8343 | D:9      | Found the +8 trident of the Octopus King {venom, rElec
                  | rPois}
  8353 | D:9      | Noticed a boulder beetle
  8370 | D:9      | Killed a boulder beetle
  8612 | D:9      | Found a staircase to the Orcish Mines.
  8766 | D:9      | Reached skill level 1 in Dodging
  9203 | D:10     | Entered Level 10 of the Dungeon
  9399 | D:10     | Reached skill level 10 in Fighting
  9537 | D:10     | Noticed Psyche
  9998 | D:10     | Killed Psyche
 10081 | D:10     | Noticed Fannar
 10273 | D:10     | Reached ***** piety under Wu Jian
 10542 | D:10     | Killed Fannar
 10642 | D:11     | Noticed a two-headed ogre
 10642 | D:11     | Noticed a death yak
 10664 | D:11     | Killed a two-headed ogre
 10665 | D:11     | Reached XP level 12. HP: 59/77 MP: 12/12
 10696 | D:11     | Found a staircase to the Lair.
 10736 | D:11     | Killed a death yak
 10737 | D:11     | Reached skill level 5 in Throwing
 11127 | D:11     | Noticed a boulder beetle
 11197 | D:11     | Killed a boulder beetle
 11198 | D:11     | Reached skill level 11 in Fighting
 11694 | Lair:1   | Entered Level 1 of the Lair of Beasts
 11772 | Lair:1   | Noticed Joseph
 11794 | Lair:1   | Killed Joseph
 11897 | Lair:1   | Reached skill level 12 in Fighting
 12181 | Lair:1   | Noticed a catoblepas
 12195 | Lair:1   | Killed a catoblepas
 12196 | Lair:1   | Reached skill level 13 in Fighting
 12498 | Lair:1   | Got Sif Muna's Handbook of the Blistering Zephyr
 13176 | Lair:2   | Reached skill level 14 in Fighting
 13181 | Lair:2   | Reached XP level 13. HP: 69/90 MP: 13/13
 13268 | Lair:2   | You fall into a shaft and drop 1 floor!
 13329 | Lair:3   | Identified the +0 robe "Kedd" {Str+3}
 14267 | Lair:2   | Found a staircase to the Snake Pit.
 14943 | Lair:3   | Reached skill level 10 in Shields
 16281 | Lair:4   | Identified a scroll of acquirement
 16285 | Lair:4   | Acquired the +2 pair of gloves of the Big Bang {rC+ rN+}
 16743 | Lair:5   | Entered Level 5 of the Lair of Beasts
 16778 | Lair:5   | Reached ****** piety under Wu Jian
 16993 | Lair:5   | Found a staircase to the Slime Pits.
 16994 | Lair:5   | Found a viscous altar of Jiyva.
 17004 | Lair:5   | Gained mutation: Your large and strong wings let you fly.
                  | [Gargoyle growth]
 17004 | Lair:5   | Reached XP level 14. HP: 96/96 MP: 14/14
 17669 | Lair:5   | Reached skill level 10 in Throwing
 18577 | D:12     | Found a frozen archway.
 18601 | IceCv    | Entered an ice cave
 18660 | IceCv    | Identified the +2 robe of Terror {Rampage rF+ Regen+ Str-3}
 18821 | D:12     | Identified the +1 whip "Giarimoi" {flame, *Corrode Str+3
                  | Int+5}
 19219 | Orc:1    | Entered Level 1 of the Orcish Mines
 19234 | Orc:1    | Paralysed by an orc sorcerer for 3 turns
 19603 | Orc:2    | Entered Level 2 of the Orcish Mines
 19613 | Orc:2    | Found a staircase to the Elven Halls.
 19752 | Orc:2    | Noticed an orc warlord
 20762 | Orc:2    | Killed an orc warlord
 20763 | Orc:2    | Reached skill level 15 in Fighting
 20881 | Orc:2    | Found Zebe's Antique Armour Boutique.
 20882 | Orc:2    | Found Ipuerrya's Antique Weapon Boutique.
 20884 | Orc:2    | Found Wamomif's General Store.
 20884 | Orc:2    | Found Pamuluaw's Jewellery Shop.
 21254 | D:13     | Reached XP level 15. HP: 103/103 MP: 15/15
 21379 | D:13     | Found a gate to the Vaults.
 21451 | D:13     | Reached skill level 10 in Armour
 21486 | D:13     | Found a blossoming altar of Fedhas.
 21915 | D:13     | Noticed Josephine
 21931 | D:13     | Killed Josephine
 22036 | D:13     | Identified the +1 whip of Blood {drain, +Blink Str+4
                  | Stlth-}
 22987 | D:14     | You are sucked into a shaft and drop 1 floor!
 22987 | D:15     | Entered Level 15 of the Dungeon
 24286 | D:15     | Found a staircase to the Depths.
 24628 | D:15     | Reached XP level 16. HP: 108/108 MP: 16/16
 24859 | Snake:1  | Entered Level 1 of the Snake Pit
 24859 | Snake:1  | Noticed Louise
 24867 | Snake:1  | Noticed Donald
 24915 | Shoals:1 | Entered Level 1 of the Shoals
 25023 | Shoals:1 | Noticed a kraken
 25174 | Shoals:1 | Acquired 1086 gold pieces
 25705 | Shoals:1 | Reached skill level 16 in Fighting
 26268 | Shoals:2 | Found Ihiyre's General Store.
 26272 | Shoals:2 | Found Sitishroxe's Specific Store.
 26277 | Shoals:2 | Bought a wand of digging (5) for 420 gold pieces
 26726 | D:5      | Bought a scroll of teleportation for 36 gold pieces
 26726 | D:5      | Bought a scroll of teleportation for 36 gold pieces
 26726 | D:5      | Bought a scroll of revelation for 90 gold pieces
 26774 | D:6      | Bought a scroll of teleportation for 30 gold pieces
 26774 | D:6      | Bought a scroll of teleportation for 30 gold pieces
 26774 | D:6      | Bought a scroll of enchant armour for 75 gold pieces
 26774 | D:6      | Bought a scroll of enchant armour for 75 gold pieces
 26903 | Orc:2    | Bought 2 potions of curing for 60 gold pieces
 26903 | Orc:2    | Bought the +6 chain mail of Too Many Cooks {rN+ rCorr Str+6
                  | Stlth+} for 667 gold pieces
 27133 | Shoals:3 | Found Biygarumm's Vocational Training.
 27404 | Shoals:3 | Noticed Bai Suzhen
 27435 | Shoals:3 | Killed Bai Suzhen
 27725 | Shoals:3 | Reached skill level 17 in Fighting
 28268 | Shoals:4 | Entered Level 4 of the Shoals
 28361 | Shoals:3 | Reached skill level 18 in Fighting
 28628 | Shoals:4 | Reached XP level 17. HP: 119/119 MP: 17/17
 28943 | Shoals:4 | Noticed a kraken
 29197 | Shoals:4 | Identified the ring of Tauxzin {rN+ Int+3 Dex+6 Stlth-}
 29552 | Shoals:4 | Noticed a sphinx
 29561 | Shoals:4 | Killed a sphinx
 29610 | Shoals:4 | Got a barnacled rune of Zot
 29790 | Lair:2   | Killed Donald
 29800 | Lair:2   | Reached skill level 19 in Fighting
 29896 | Abyss:2  | Cast into level 2 of the Abyss (Louise)
 29899 | Abyss:2  | Found a corrupted altar of Lugonu.
 29899 | Abyss:2  | Noticed an Executioner
 29956 | Abyss:2  | Found a corrupted altar of Lugonu.
 30092 | Abyss:2  | Noticed a bone dragon
 30124 | Abyss:2  | Noticed a tentacled starspawn
 30165 | Abyss:3  | Found a corrupted altar of Lugonu.
 30367 | Abyss:3  | Reached skill level 5 in Dodging
 30433 | Abyss:3  | Found a corrupted altar of Lugonu.
 30449 | Abyss:3  | Found a corrupted altar of Lugonu.
 30515 | Abyss:3  | Noticed a tentacled monstrosity
 30524 | Abyss:3  | Killed a tentacled monstrosity
 30596 | Snake:1  | Escaped the Abyss
 30620 | Snake:1  | Reached skill level 20 in Fighting
 30620 | Snake:1  | Reached XP level 18. HP: 129/129 MP: 18/18
 30650 | Snake:1  | Killed Louise
 31630 | Snake:2  | Reached skill level 21 in Fighting
 31649 | Snake:2  | Reached XP level 19. HP: 128/137 MP: 13/19
 31933 | Snake:2  | You are sucked into a shaft and drop 1 floor!
 32063 | Snake:2  | Found Okkalo's One-of-a-Kind Rings.
 32071 | Snake:2  | Bought the ring "Maroffal" {rElec AC+4 Str+8 Stlth-} for
                  | 915 gold pieces
 32071 | Snake:2  | Bought the ring "Puike" {Slay+4 SInv} for 1248 gold pieces
 32170 | Snake:2  | Identified the +0 chain mail "Ufodur" {+Inv}
 32961 | Snake:3  | Reached skill level 15 in Shields
 33068 | Snake:3  | Found Haidor's Assorted Antiques.
 33071 | Snake:3  | Found Olipryri's Jewellery Emporium.
 33073 | Snake:3  | Found Bekag's Book Shoppe.
 33399 | Snake:3  | Found the sphere of Battle
 33681 | Snake:4  | Entered Level 4 of the Snake Pit
 33698 | Snake:4  | Reached skill level 15 in Armour
 35100 | Snake:4  | Reached XP level 20. HP: 143/144 MP: 20/20
 35174 | Snake:4  | Reached skill level 15 in Maces & Flails
 35263 | Snake:4  | Got a serpentine rune of Zot
 35633 | Elf:1    | Entered Level 1 of the Elven Halls
 35701 | Elf:1    | Found a crumbling gateway.
 35741 | Desolati | Entered the Desolation of Salt
 35814 | Desolati | Identified the ring of Atheism {rElec Str+6 Int+3 Dex-5}
 35823 | Desolati | Identified the +2 ring mail of the Bruised Spines {rN+
                  | Str-4 Int+4}
 35825 | Desolati | Identified the +6 battleaxe of Mintaeth {speed, *Slow rElec
                  | Str+7}
 36295 | Desolati | Got the Incunable of the Frigid Scorpion
 36312 | Desolati | Got the Incunabulum of Polytheism
 36455 | Desolati | Got Xiffywaq's Vellum of Damage
 36633 | Elf:1    | Reached skill level 22 in Fighting
 36915 | Elf:1    | Paralysed by an air elemental for 1 turns
 36921 | Elf:1    | Paralysed by an air elemental for 1 turns
 37229 | Elf:1    | Got the Vellum of Elliptic Lightning
 37279 | Elf:1    | Found Wemeij's Magic Scroll Emporium.
 37287 | Elf:1    | Bought a scroll of blinking for 112 gold pieces
 37287 | Elf:1    | Bought a scroll of teleportation for 45 gold pieces
 37638 | Elf:2    | Found a runed translucent gate.
 37640 | Elf:2    | Found a runed translucent gate.
 37692 | Elf:2    | Identified the amulet "Iwiwk" {Acrobat Rampage +Blink
                  | Int-5}
 38073 | Elf:2    | Paralysed by an air elemental for 1 turns
 38077 | Elf:2    | Found a runed translucent gate.
 38328 | Elf:2    | Reached XP level 21. HP: 125/151 MP: 21/21
 38650 | Elf:2    | Identified the blade talisman "Erox" {rF+ Str+2 Int+5}
 38990 | Vaults:1 | Entered Level 1 of the Vaults
 39126 | Vaults:1 | Reached skill level 15 in Throwing
 40529 | Vaults:2 | Found a staircase to the Crypt.
 40846 | Vaults:2 | Noticed Norris
 40888 | Vaults:2 | Killed Norris
 41022 | Vaults:2 | Paralysed by a sphinx for 5 turns
 41035 | Vaults:2 | Paralysed by a sphinx for 3 turns
 42235 | Vaults:3 | Found Jiapn's Armour Shop.
 42311 | Vaults:3 | Reached XP level 22. HP: 126/156 MP: 22/22
 43212 | Vaults:3 | Noticed a golden dragon
 43231 | Vaults:3 | Killed a golden dragon
 43248 | Vaults:3 | Identified the staff of the Pill Bug {rF++ rC+ Stlth+ Ice}
 43765 | Vaults:4 | Reached skill level 23 in Fighting
 45590 | Depths:1 | Entered Level 1 of the Depths
 45672 | Depths:1 | Reached XP level 23. HP: 125/164 MP: 18/23
 45717 | Depths:1 | Found a one-way gate to the infinite horrors of the Abyss.
 46149 | Depths:1 | Acquired 499 gold pieces
 46153 | Depths:1 | Acquired 1288 gold pieces
 46185 | Depths:1 | Found Eodgheppa's Eclectic Emporium.
 46193 | Depths:1 | Bought a potion of experience for 1050 gold pieces
 46193 | Depths:1 | Bought a +1 eveningstar of venom for 525 gold pieces
 46265 | Depths:1 | Reached XP level 24. HP: 171/171 MP: 23/23
 46511 | Depths:1 | Found a gateway to Hell.
 47183 | Depths:2 | Identified the +10 plate armour of Atheism {Dex+2 Stlth+}
 47314 | Depths:2 | Gained mutation: Your body sometimes deteriorates upon
                  | taking damage. [a cacodemon]
 47321 | Depths:2 | Gained mutation: Your body often deteriorates upon taking
                  | damage. [a cacodemon]
 47326 | Depths:2 | Found a one-way gate leading to the halls of Pandemonium.
 47708 | Abyss:3  | Cast into level 3 of the Abyss (an occultist)
 47806 | Abyss:3  | Found a corrupted altar of Lugonu.
 47821 | Abyss:3  | Found a corrupted altar of Lugonu.
 47883 | Abyss:3  | Found a corrupted altar of Lugonu.
 47898 | Abyss:3  | Found a corrupted altar of Lugonu.
 47951 | Abyss:3  | Found a corrupted altar of Lugonu.
 48132 | Depths:2 | Escaped the Abyss
 49435 | Depths:3 | Found an ornate altar of the Wu Jian Council.
 49537 | Depths:4 | Entered Level 4 of the Depths
 49716 | Depths:4 | Reached XP level 25. HP: 123/176 MP: 23/23
 50015 | Depths:4 | Reached skill level 5 in Evocations
 50087 | Depths:4 | Found a one-way gateway to a ziggurat.
 50088 | Depths:4 | Noticed an ancient lich
 50298 | Depths:4 | Found a sparkling altar of Nemelex Xobeh.
 50457 | Depths:4 | Found a gate to the Realm of Zot.
 50858 | Vaults:5 | Entered Level 5 of the Vaults
 50915 | Vaults:5 | Reached skill level 24 in Fighting
 50966 | Vaults:5 | Found Fohunk's Distillery.
 50970 | Vaults:5 | Noticed an ancient lich
 50978 | Vaults:5 | Killed an ancient lich
 51000 | Vaults:5 | Identified the +6 war axe of Goid {heavy, rElec rC+ Int+3}
 51137 | Vaults:5 | Bought a potion of curing for 42 gold pieces
 51414 | Vaults:5 | Identified the +3 long sword of the Blowfly {heavy, rElec
                  | Will+}
 51474 | Vaults:5 | Identified the +5 ring mail of Zin's Indignation {rN+}
 51524 | Vaults:5 | Found the +7 mace of Variability {chaos, chaos arc}
 51530 | Vaults:5 | Identified the ring of Keomud {rF+ Will+ Str-2 Dex+6}
 51545 | Vaults:5 | Identified the amulet "Cocuiv" {Acrobat Rampage rN+++
                  | Slay+6 Stlth-}
 51547 | Vaults:5 | Identified the ring "Coproisch" {Fire rElec rPois rCorr
                  | Str+2}
 51550 | Vaults:5 | Identified the staff of Light {rF+ Dex+3 Fire Ice}
 51587 | Vaults:5 | Identified the +1 mace of Rubbish {flame, *Slow rF+ Str+4}
 51793 | Vaults:5 | Identified the +8 war axe of Xom's Castigation {spect,
                  | rPois Will+ Stlth-}
 52026 | Vaults:5 | Got a silver rune of Zot
 52121 | Vaults:5 | Identified the staff of Expedience {Fly rF+ rN+ Str+2 Dex-3
                  | Necro}
 52226 | Vaults:5 | Noticed an ancient lich
 52237 | Vaults:5 | Killed an ancient lich
 52503 | Vaults:5 | Identified the +5 trident "Tuajah" {freeze, Str+3 Stlth+}
 52504 | Vaults:5 | Identified the +0 ring mail of Exezi {^Drain rElec SInv
                  | Stlth+}
 52915 | Zot:1    | Entered Level 1 of the Realm of Zot
 53013 | Depths:1 | Bought a scroll of enchant armour for 157 gold pieces
 53013 | Depths:1 | Bought a scroll of enchant weapon for 157 gold pieces
 53581 | Snake:3  | Bought a phantom mirror for 1360 gold pieces
 54162 | Zot:2    | Reached XP level 26. HP: 184/184 MP: 23/23
 55005 | Zot:3    | Noticed an orb of fire
 55021 | Zot:3    | Gained mutation: Armour fits poorly on your strangely
                  | shaped body. [an orb of fire]
 55026 | Zot:3    | Killed an orb of fire
 55334 | Zot:4    | Reached skill level 25 in Fighting
 55387 | Zot:4    | Noticed a Killer Klown
 55410 | Zot:4    | Killed a Killer Klown
 55592 | Zot:5    | Entered Level 5 of the Realm of Zot
 55632 | Zot:5    | Noticed a dread lich
 56363 | Zot:4    | Reached skill level 26 in Fighting
 56571 | Zot:4    | Killed a dread lich
 57104 | Zot:5    | Identified the +4 long sword of Fotuump {freeze, ^Fragile
                  | rElec rF+}
 57542 | Zot:5    | Noticed a dread lich
 57578 | Zot:5    | Killed a dread lich
 57586 | Zot:5    | Reached skill level 10 in Evocations
 57773 | Zot:5    | Noticed an orb of fire
 57773 | Zot:5    | Noticed a Killer Klown
 57773 | Zot:5    | Noticed a dread lich
 57773 | Zot:5    | Noticed a dread lich
 57773 | Zot:5    | Noticed a Killer Klown
 57783 | Zot:5    | Got the Orb of Zot
 57785 | Zot:5    | Noticed a Killer Klown
 57785 | Zot:5    | Noticed a Killer Klown
 57821 | Zot:4    | Noticed an orb of fire
 57825 | Zot:4    | Reached XP level 27. HP: 155/196 MP: 23/23
 57835 | Zot:4    | Killed an orb of fire
 58086 | Depths:3 | Noticed an ancient lich
 58133 | Depths:1 | Noticed Agapp the pandemonium lord
 58540 | D:1      | Gained mutation: You are clumsy. (Dex -2) [a cacodemon]
 58541 | D:1      | Gained mutation: Potions are less effective at restoring
                  | your health. [a cacodemon]
 58542 | D:1      | Noticed Oxeim the pandemonium lord
 58546 | D:1      | Gained mutation: You occasionally lose the ability to read
                  | scrolls when taking damage. [a cacodemon]
 58550 | D:$      | Escaped with the Orb!

Illustrated notes

Levels and vault maps discovered:
D:1:      dpeg_arrival_prison, layout_basic, chequers_avenue
D:2:      layout_basic, serial_corexii_hall, corexii_hall_statues_i,
          chequers_hall_statues_corner_a, corexii_hall_statues_s,
          corexii_hall_statues_x, corexii_hall_statues_l, corexii_hall_statues_s
D:3:      layout_rooms, minmay_goblin_outpost, uniq_natasha,
          uniq_crazy_yiuf_cottage, uniq_grinder
D:4:      kennysheep_six_static_rooms, layout_loops_ring, temple_hall,
          uniq_sigmund, uniq_eustachio
D:5:      layout_loops_ring, overflow_temple_1_default, serial_shops, shop,
          serial_demonic, serial_demonic_a, serial_demonic_e, serial_demonic_e,
          serial_demonic_d
D:6:      layout_cave_pools, minitemple, serial_shops, shop,
          gup_sewer_entry_bowl, corexii_corridor_pit, minmay_shop_mayhem,
          hangedman_decor_riveting, uniq_blork_the_orc
D:7:      layout_cave_pools, uniq_maurice
D:8:      nzn_winding_woodlands_stair_cross [nzn_winding_woodlands_5x15_garden,
          nzn_winding_woodlands_center_lodge,
          nzn_winding_woodlands_5x15_default,
          nzn_winding_woodlands_5x5_open_star, nzn_winding_woodlands_hourglass,
          nzn_winding_woodlands_5x15_crooked,
          nzn_winding_woodlands_center_pierced_h,
          nzn_winding_woodlands_5x15_pool], layout_basic, minivault_22
D:9:      layout_stronghold, kiku_gazebo_pond_becter,
          minmay_orc_entry_temple_small, uniq_erolcha
D:10:     layout_gridville, uniq_psyche, uniq_fannar
D:11:     layout_basic, david_lair_generic, minivault_7
D:12:     layout_loops_ring, portal_ice_cave_rime
D:13:     cheibrodos_orc_bank, layout_basic, david_vaults_1, fedhas_altar_1,
          uniq_josephine
D:14:     layout_loops_ring, hangedman_abyss_or_decor_stagger,
          grunt_decor_arrowhead
D:15:     hangedman_depths_entry_try_elsewhere_first, layout_loops_cross,
          amethyst_killhole, chequers_serial_rivers_micro_c, kb_rosetta
Temple:   regret_index_temple_chain_breaker
Lair:1:   layout_loops_ring, grunt_megastairs_4, uniq_joseph
Lair:2:   layout_small_grid, nicolae_shoals_entry_flooding,
          minmay_snake_entry_guardpost_medium, serial_bayou,
          serial_bayou_pond_c, serial_bayou_pond_d, serial_bayou_pond_c,
          serial_bayou_shore_b
Lair:3:   layout_gridlike
Lair:4:   beast_lair_carwin_large_2, layout_long_grid,
          nicolae_lair_grove_arrangements, minivault_23
Lair:5:   wormcave, layout_regular_city, slime_entry_1,
          infiniplex_staircase_pool_2, serial_bayou_shore_b, grunt_megastairs_3,
          lemuel_fruit_fields
Shoals:1: layout_shoals, nicolae_shoals_goliath_grotto
Shoals:2: layout_shoals, nicolae_specific_store, uniq_aizul
Shoals:3: layout_shoals, nicolae_shop_vocational, uniq_bai_suzhen
Shoals:4: shoals_end_hellmonk_lost_city
Snake:1:  layout_grid_shapes, uniq_donald, uniq_louise
Snake:2:  layout_basic, nicolae_shop_unique_rings, guppyfry_library_mini
Snake:3:  layout_misc_corridors, minmay_shop_star
Snake:4:  snake_pit_salamanders_mu, layout_cave_town,
          nicolae_snake_salamander_jacuzzi
Orc:1:    layout_caves
Orc:2:    st_orc_congregation, layout_diamond_mine
Elf:1:    layout_loops_corners, serial_shops, shop,
          portal_desolation_entry_garden, nicolae_elf_shapeshifter_party,
          grunt_ministairs_12, st_stairs_11
Elf:2:    elven_hall_of_blades_hangedman_original
          [infiniplex_blade_entry_pillars], layout_onion_city,
          minmay_checkered_concentric_circles, lemuel_elevator
Vaults:1: vaults_mumra_hex, hangedman_vaults_slither,
          nicolae_vaults_trapezoid_lopsided_3, v_misc_32,
          nicolae_vaults_stepped_doors, nicolae_vaults_house_1,
          layout_vaults_omnigrid
Vaults:2: v_misc_8, grunt_vaults_hallway_short, nicolae_vaults_steering_wheel,
          minmay_crypt_entry_vampire_xt, nicolae_vaults_tetromino_L_2,
          nicolae_vaults_big_angled_halls, nicolae_vaults_double_plus_3,
          v_pattern_5, v_misc_13, vaults_room_fours, nicolae_vaults_prndl,
          nicolae_vaults_little_squares_5, grunt_vaults_hallway_short,
          nicolae_vaults_surprise_closet, v_misc_19, layout_vaults_ring,
          uniq_norris
Vaults:3: dpeg_vaults_monster_box, nicolae_vaults_puzzle_piece,
          nicolae_vaults_offset_grid_hallway_4,
          ontoclasm_vaults_decontamination, grunt_vaults_focal, v_rooms_4,
          nicolae_vaults_storage_closets_3, vaults_room_door_ring,
          ontoclasm_vaults_hangar, nicolae_vaults_circle_grid_a,
          nicolae_vaults_murder_corner, nicolae_vaults_closet_pinwheel_4,
          ontoclasm_vaults_chip, nicolae_vaults_little_squares_6,
          nicolae_vaults_little_squares_6, layout_vaults_big_room
Vaults:4: hangedman_vaults_stagger, nicolae_vaults_branching_niches,
          hangedman_vaults_stream, hangedman_vaults_unwind, v_misc_4,
          grunt_vaults_twisty, hangedman_vaults_stitches,
          vaults_room_semicircle, nicolae_vaults_storage_room_water,
          vaults_room_semicircle, nicolae_vaults_tetromino_L_2,
          layout_vaults_big_cross
Vaults:5: serial_shops
Depths:1: layout_gridlike, abyss_entry_crystal, moated_statue,
          grunt_hell_entry_dis_grunt, nicolae_alphabet_shops,
          nicolae_zig_zag_zippers
Depths:2: minmay_the_grid_octo_triangle [minmay_the_grid_octo_concentric,
          minmay_the_grid_octo_prize_big_c, minmay_the_grid_octo_clover_2],
          layout_gridville, grunt_pan_entry_zigzag, hangedman_tar_grid_catacomb,
          grunt_decor_junction
Depths:3: nicolae_cairo_tiling, layout_gridlike, nzn_wu_jian_council_hall,
          hell_entry, abyss_entry, serial_rivers,
          chequers_serial_rivers_micro_c, chequers_serial_rivers_micro_e,
          chequers_serial_rivers_micro_c, chequers_serial_rivers_room_b
Depths:4: grunt_zot_entry_gee_three, layout_basic, enter_ziggurat_c,
          nemelex_spade_bored_becter, hell_entry
Zot:1:    layout_basic
Zot:2:    layout_cathedral_of_symmetry, regret_index_zotdec_decaying_basic,
          uniq_josephina
Zot:3:    layout_misc_corridors, grunt_ministairs_10
Zot:4:    layout_cellular_growth, basic_altar, grunt_megastairs_2
Zot:5:    layout_onion

Skill      XL: |  1  2  3  4  5  6  7  8  9 10 11 12 13 14 15 16 17 18 19 20 21 22 23 24 25 26 27 |
---------------+----------------------------------------------------------------------------------+-----
Maces & Flails | 3 4 5 6 7 9 10 13 14 16 18 19 | 19.0
Fighting       | 5 8 10 14 15 18 20 21 22 23 24 26 | 26.0
Evocations     | 2 4 8 10 12 | 12.1
Armour         | 5 7 8 13 14 15 16 18 19 21 | 21.0
Shields        | 7 10 11 13 14 16 19 21 | 21.0
Dodging        | 2 4 5 7 8 |  8.0
Throwing       | 3 5 8 12 13 15 16 | 16.0

Action                     |  1- 3 |  4- 6 |  7- 9 | 10-12 | 13-15 | 16-18 | 19-21 | 22-24 | 25-27 || total
---------------------------+-------+-------+-------+-------+-------+-------+-------+-------+-------++-------
  Melee: Flail             |    82 |   117 |   375 |       |       |       |       |       |       ||   574
         Morningstar       |       |       |   161 |   865 |  1754 |  1348 |  1817 |   747 |       ||  6692
         Unarmed           |       |       |       |       |       |       |       |    11 |       ||    11
         Eveningstar       |       |       |       |       |       |       |       |   630 |  1218 ||  1848
  Throw: Stone             |       |     5 |     4 |    38 |    50 |       |       |       |       ||    97
         Dart              |       |     2 |     9 |     6 |     4 |     9 |       |       |       ||    30
         Boomerang         |       |       |       |     4 |   313 |   116 |   224 |    69 |    45 ||   771
         Javelin           |       |       |       |       |     6 |    22 |    41 |     6 |     4 ||    79
         Throwing net      |       |       |       |       |       |       |     1 |       |       ||     1
 Invoke: Serpent's Lash    |       |       |     1 |     1 |    12 |    12 |    12 |     5 |     3 ||    46
         Heavenly Storm    |       |       |       |       |       |     3 |     2 |     1 |     3 ||     9
Ability: Lunge             |       |       |    18 |    31 |    63 |    67 |    96 |    54 |    83 ||   412
         Whirlwind         |       |       |    15 |    55 |   106 |   113 |   218 |   227 |   339 ||  1073
         Wall Jump         |       |       |       |       |       |       |     2 |     7 |     7 ||    16
  Evoke: Wand              |       |     1 |     6 |    23 |     9 |    17 |     6 |       |     1 ||    63
         Lightning rod     |       |       |       |     3 |    10 |     6 |     4 |     4 |     1 ||    28
    Use: Potion            |       |     2 |       |     3 |     3 |     9 |     7 |     6 |     5 ||    35
         Scroll            |       |     1 |     8 |    17 |     9 |    16 |    11 |    12 |    11 ||    85
   Stab: Paralysed         |       |       |    15 |       |       |     4 |       |       |       ||    19
         Petrified         |       |       |       |       |       |     3 |       |       |       ||     3
         Confused          |       |       |       |       |       |       |       |     2 |       ||     2
 Armour: Scale mail        |    49 |    87 |    33 |       |       |       |       |       |       ||   169
         Plate armour      |       |       |   381 |   511 |  1250 |   198 |       |       |       ||  2340
         Skin              |       |       |       |     1 |       |    66 |       |     4 |       ||    71
         Chain mail        |       |       |       |       |       |   833 |  1061 |   617 |   162 ||  2673
         Gold dragon scale |       |       |       |       |       |       |       |       |   428 ||   428
  Dodge: Dodged            |    40 |    58 |   183 |   152 |   345 |   486 |   450 |   240 |   251 ||  2205
  Block: Buckler           |    20 |    22 |   265 |   370 |   879 |    89 |       |       |       ||  1645
         Tower shield      |       |       |       |       |       |  1428 |  1718 |  1149 |   855 ||  5150
         Reflection        |       |       |       |       |       |       |   113 |    57 |    32 ||   202
